 Dungeon Crawl Stone Soup version 0.27.1-33-g824d729ab1 (webtiles) character file.

Game seed: 9365643828514253694

102 barney the Changer (level 4, -2/38 HPs)
             Began as a Draconian Transmuter on Dec 20, 2021.
             Slain by Sigmund (7 damage)
             ... on level 3 of the Dungeon.
             The game lasted 00:02:19 (2563 turns).

barney the Changer (Draconian Transmuter)           Turns: 2563, Time: 00:02:20

Health: -2/38      AC:  5    Str: 11 (13) XL:     4   Next: 50%
Magic:  7/7        EV: 11    Int: 10 (12) God:
Gold:   107        SH:  0    Dex:  8 (11) Spells: 6/7 levels left

rFire    + . .     SeeInvis .   k - +4 war axe
rCold    + . .     Faith    .   (no shield)
rNeg     . . .     Spirit   .   (armour unavailable)
rPois    .         Reflect  .   (helmet restricted)
rElec    .         Harm     .   e - scarf {rC+ rF+}
rCorr    .         Rampage  .   (no gloves)
Will     .....     Rnd*Tele +   (no boots)
Stlth    +.........             (no amulet)
HPRegen  0.12/turn              (no ring)
MPRegen  0.10/turn              (no ring)

@: confused, brilliant, attractive
A: AC +5, unfitting armour, cold-blooded, dopey 1, robust 1, teleportitis 1
a: no special abilities


You were on level 3 of the Dungeon.
You visited 1 branch of the dungeon, and saw 3 of its levels.

You collected 107 gold pieces.

Inventory:

Hand Weapons
 f - a +0 spear
 k - a +4 war axe (weapon)
Armour
 e - a scarf of resistance (worn)
Magical Staves
 l - a staff of air
 m - a staff of cold
Scrolls
 b - a scroll of noise {unknown}
 c - 4 scrolls of identify {unknown}
 g - a scroll of enchant weapon {unknown}
 h - a scroll of amnesia {unknown}
 j - 2 scrolls of brand weapon {unknown}
 p - a scroll of fear {unknown}


   Skills:
 - Level 1.1 Fighting
 - Level 1.8 Dodging
 - Level 3.4 Unarmed Combat
 - Level 2.2 Spellcasting
 + Level 4.3 Transmutations


You had 6 spell levels left.
You knew the following spells:

 Your Spells              Type           Power      Damage    Failure   Level
a - Beastly Appendage     Tmut           28%        N/A       5%          1

Your spell library contained the following spells:

 Spells                   Type           Power      Damage    Failure   Level
 Wereblood                Tmut           14%        N/A       8%          2
 Spider Form              Tmut/Pois      4%         N/A       36%         3
 Ice Form                 Ice/Tmut       8%         N/A       77%         4


Dungeon Overview and Level Annotations

Branches:
Dungeon (3/15)

Altars:

Shops:
D:3 [

Annotations:
D:3 Sigmund


Innate Abilities, Weirdness & Mutations

Your plain brown scales are hard. (AC +5)
You cannot fit into any form of body armour.
You are cold-blooded and may be slowed by cold attacks.
You are dopey. (Int -2)
You are robust. (+10% HP)
You are occasionally teleported next to monsters.


Message History

You are confused.
It was a potion of heal wounds.
You feel much better. Something hits you.
It was a potion of degeneration.
There was something very wrong with that liquid.
You feel weakened.
You feel dopey.
You feel clumsy.
It was a potion of brilliance.
You feel clever all of a sudden. Something hits you. The kobold misses you.
It was a potion of mutation.
You feel extremely strange.
You feel weirdly uncertain.
You feel stupid.
You feel robust.
Your transformation is almost over.
Something hits you but does no damage. The kobold hits you but does no damage.
It was a potion of attraction.
You feel attractive to monsters.
You feel less confused. The kobold barely misses you.
You miss something. You claw something. You hit the kobold.
You kill the kobold!
Something hits you!
You slash something! You claw something. Your headbutt misses something.
Something hits you!
You miss something. Your headbutt misses something.
You hear some strange, mumbled words.
You are confused.
Something hits you!
* * * LOW HITPOINT WARNING * * *
You hear the slow rusting of a very distant drain.
You aren't carrying any potions.
You are too confused!
Unknown command.
You bump into the stone wall.
You hear some strange, mumbled words.
A puff of flame appears from out of thin air!
The puff of flame hits you. You resist.
* * * LOW HITPOINT WARNING * * *
You barely miss something. Your kick misses something. You headbutt something.
Your tail-slap misses something.
Your horns disappear.
Your talons disappear.
Something hits you but does no damage.
You miss something. Something hits you!
You die...

...r.#...#
....#...
....... #..##'#
#######..##.#
##....)...##'##
#...###.......#
#..{###.......#
#..@.).##.....#
#..##..##...(.#
#..##.........#
#....∩......)##
#.....#####..#
#.##..# #.†# .#
####.... #..#
#.# #....# #..#
#.# ###### #..#
#.#


There were no monsters in sight!

Vanquished Creatures
  Terence (D:2)
  2 adders (D:2)
  A worm (D:2)
  2 dart slugs
  An orc (D:3)
  3 ball pythons (D:1)
  4 endoplasms
  3 giant cockroaches
  5 hobgoblins
  5 quokkas
  4 bats
  4 frilled lizards
  3 goblins
  6 kobolds
  6 rats
50 creatures vanquished.

Notes
Turn   | Place    | Note
-------+----------+-------------------------------------------
     0 | D:1      | barney the Draconian Transmuter began the quest for the
                  | Orb.
     0 | D:1      | Reached XP level 1. HP: 16/16 MP: 3/3
   255 | D:1      | Reached XP level 2. HP: 21/23 MP: 5/5
   295 | D:1      | Found a faded altar of an unknown god.
   935 | D:2      | Reached XP level 3. HP: 20/28 MP: 4/6
   947 | D:2      | Reached skill level 3 in Transmutations
  1858 | D:2      | Noticed Terence
  1868 | D:2      | Killed Terence
  1869 | D:2      | Reached XP level 4. HP: 13/35 MP: 5/7
  2139 | D:2      | Reached skill level 4 in Transmutations
  2495 | D:3      | Found Coiwoil's Antique Armour Shoppe.
  2532 | D:3      | Noticed Sigmund
  2555 | D:3      | Gained mutation: You are occasionally teleported next to
                  | monsters. [potion of mutation]
  2555 | D:3      | Gained mutation: You are dopey. (Int -2) [potion of
                  | mutation]
  2555 | D:3      | Gained mutation: You are robust. (+10% HP) [potion of
                  | mutation]
  2563 | D:3      | Slain by Sigmund

Illustrated notes

Levels and vault maps discovered:
D:1:      minmay_arrival_four_circles, layout_rooms,
          hellmonk_ecumenical_altar_lost_god
D:2:      minmay_chambers_of_twos, layout_basic, uniq_terence
D:3:      layout_basic, ashenzari_conservatory_becter, serial_shops,
          nicolae_square_shop, lightli_sewer_entry_pipes, uniq_sigmund,
          uniq_grinder

Skill      XL: |  1  2  3  4 |
---------------+-------------+-----
Transmutations | 3 4 |  4.3
Fighting       | |  1.1
Dodging        | |  1.8
Unarmed Combat | |  3.4
Spellcasting   | |  2.2

Action                   |  1- 3 |  4- 6 || total
-------------------------+-------+-------++-------
Melee: Unarmed           |    39 |       ||    39
       Tailslap          |     7 |     3 ||    10
       Headbutt          |     4 |     3 ||     7
       Spear             |    29 |       ||    29
       Kick              |     6 |     4 ||    10
       War axe           |    11 |    40 ||    51
       Punch             |       |     1 ||     1
 Cast: Beastly Appendage |    11 |     4 ||    15
  Use: Potion            |       |     5 ||     5
 Stab: Sleeping          |     1 |       ||     1
Armor: Skin              |    27 |    15 ||    42
Dodge: Dodged            |    45 |    26 ||    71
